 Dungeon Crawl Stone Soup version 0.28-a0-1236-gb25a51b929 (webtiles) character file.

Game seed: 3971416626535929095

105 Turgor the Skirmisher (level 4, -1/55 HPs)
             Began as a Demonspawn Abyssal Knight on Dec 25, 2021.
             Was a Follower of Lugonu.
             Succumbed to Terence's poison
             ... on level 3 of the Dungeon.
             The game lasted 00:18:08 (3032 turns).

Turgor the Skirmisher (Demonspawn Abyssal Knight)   Turns: 3032, Time: 00:18:09

Health: -1/55      AC: 22    Str: 15    XL:     4   Next: 53%
Magic:  6/6        EV:  2    Int: 12    God:    Lugonu [*.....]
Gold:   69         SH:  0    Dex: 13    Spells: 3/3 levels left

rFire   . . .      SeeInvis .   q - +0 hand axe (freeze)
rCold   . . .      Faith    .   (no shield)
rNeg    . . .      Spirit   .   (armour currently unavailable)
rPois   +          Reflect  .   (helmet currently unavailable)
rElec   .          Harm     .   (cloak currently unavailable)
rCorr   .          Rampage  .   (gloves currently unavailable)
Will    .....      NoTele   +   (boots currently unavailable)
Stlth   +.........              (no amulet)
HPRegen 0.18/turn               (no ring)
MPRegen 0.10/turn               (no ring)

@: brilliant, lethally poisoned (-1 -> -28), tree-form
A: stationary, stasis, torment immunity, boosted hp, (slimy green scales 1),
powered by pain 2
a: Renounce Religion, Depart the Abyss


You were on level 3 of the Dungeon.
You worshipped Lugonu.
Lugonu was aware of your devotion.
You were a tree.
You visited 1 branch of the dungeon, and saw 3 of its levels.
You visited the Abyss 1 time.

You collected 69 gold pieces.

Inventory:

Hand Weapons
 a - a +1 hand axe
 m - a +2 spectral lajatang
 q - a +0 hand axe of freezing (weapon)
Missiles
 e - 85 stones (quivered)
Armour
 b - a +0 leather armour (melded)
 c - a +2 helmet (melded)
Scrolls
 f - a scroll of fog {unknown}
 h - 2 scrolls of vulnerability {unknown}
 i - 3 scrolls of noise {unknown}
 k - a scroll of holy word {unknown}
 n - 3 scrolls of identify {unknown}
 o - a scroll of teleportation {unknown}
 p - a scroll of magic mapping {unknown}
 r - a scroll of enchant weapon {unknown}
Potions
 d - a potion of brilliance
 g - 2 potions of lignification
 l - a potion of might {unknown}


   Skills:
 + Level 3.8 Fighting
 * Level 3.6 Axes
 - Level 1.7 Armour
 - Level 0.8 Dodging
 - Level 3.0 Invocations


You had 3 spell levels left.
You didn't know any spells.
Your spell library contained the following spells:

 Spells                   Type           Power      Damage    Failure   Level
 Gell's Gravitas          Tloc           0%         N/A       69%         3
 Lesser Beckoning         Tloc           0%         N/A       69%         3
 Teleport Other           Tloc           0%         N/A       69%         3


Dungeon Overview and Level Annotations

Branches:
Dungeon (3/15)

Altars:
Qazlal

Shops:
D:2 :

Annotations:
D:3 Terence


Innate Abilities, Weirdness & Mutations

You are a tree.
Your roots penetrate the ground, keeping you stationary.
You cannot be teleported.
You are immune to unholy pain and torment.
Your maximum health is greatly increased.
Your equipment is partially melded.
((You are partially covered in slimy green scales. (AC +2)))
You sometimes gain power by taking damage.


Message History

Okay, then.
You aren't carrying any items that you can evoke.
Okay, then.
Okay, then.
Unknown command.
Press: ? - help, v - describe, . - travel
Here: Terence, wielding a +2 hand axe of venom and wearing a +0 chain mail The floor.
Unknown command.
It was a potion of brilliance.
You feel clever all of a sudden.
You feel very sick.
Terence hits you with a +2 hand axe of venom.
You are lethally poisoned!
It was a potion of lignification.
You turn into a tree.
Your +2 helmet melds into your body.
Your +0 leather armour melds into your body.
Your roots penetrate the ground.
You feel very sick. Terence hits you but does no damage.
You are lethally poisoned!
You closely miss Terence.
* * * LOW HITPOINT WARNING * * *
You feel very sick. Terence hits you but does no damage.
You are more poisoned.
Unknown command.
You hit Terence but do no damage.
* * * LOW HITPOINT WARNING * * *
You feel very sick. Terence hits you but does no damage.
Unknown command.
You barely miss Terence.
* * * LOW HITPOINT WARNING * * *
You feel very sick. Terence hits you but does no damage.
You are more poisoned.
Unknown command.
It was a potion of flight.
Your roots keep you in place.
You die...

#.#.## #.######.#
#....## #........#
##.....####
#.########
..........#
#........
........#.#
#.#######
........#.# #.#
#......#)# #.#
#......#.## #.#
.#.###.(...#####♣#
..............##@#
.###.#.....##.##r#
.###.#..#.###.##l#
.(...r....r.@....###
..............#....#
..##...##.##..#..#.#
.r......#.#...#(.#.#
. ....#.....#.#..#.#


You could see Terence, a frilled lizard and a rat.

Vanquished Creatures
  5 adders (D:2)
  A dart slug (D:1)
  2 orcs (D:3)
  3 ball pythons
  7 endoplasms
  A giant cockroach (D:2)
  4 hobgoblins
  10 jackals
  A quokka (D:1)
  2 bats (D:2)
  A frilled lizard (D:3)
  6 goblins
  5 kobolds
  5 rats
53 creatures vanquished.

Notes
Turn   | Place    | Note
-------+----------+-------------------------------------------
     0 | Abyss:1  | Turgor the Demonspawn Abyssal Knight began the quest for
                  | the Orb.
     0 | Abyss:1  | Reached XP level 1. HP: 18/18 MP: 2/2
    54 | Abyss:1  | Noticed an apocalypse crab
    68 | Abyss:1  | Paralysed by you for 2 turns
    70 | D:1      | Escaped the Abyss
   502 | D:1      | Gained mutation: You are partially covered in slimy green
                  | scales. (AC +2) [demonic ancestry]
   502 | D:1      | Reached XP level 2. HP: 15/24 MP: 4/4
   771 | D:1      | Reached * piety under Lugonu
  1185 | D:1      | Gained mutation: You sometimes gain a little power by
                  | taking damage. [demonic ancestry]
  1185 | D:1      | Reached XP level 3. HP: 29/29 MP: 5/5
  1631 | D:2      | Found Lugis's Book Shop.
  2224 | D:2      | Gained mutation: You sometimes gain power by taking damage.
                  | [demonic ancestry]
  2224 | D:2      | Reached XP level 4. HP: 30/36 MP: 6/6
  2782 | D:2      | Found a faded altar of an unknown god.
  2899 | D:3      | Found a stormy altar of Qazlal.
  2982 | D:3      | Noticed Terence
  3032 | D:3      | Succumbed to Terence's poison

Illustrated notes

Levels and vault maps discovered:
D:1:      kennysheep_arrival_seaside, layout_loops_corners,
          corexii_leaking_fountain, minmay_misc_feat_tower
D:2:      layout_basic, chequers_ecumenical_altar_grove, serial_shops, shop
D:3:      layout_loops_ring, mainiacjoe_overflow_small_starburst,
          ebering_ghost_sewer_d, uniq_terence, uniq_sigmund, uniq_natasha

Skill      XL: |  1  2  3 |
---------------+----------+-----
Axes           | 2 3 |  3.6
Invocations    | 3 |  3.0
Fighting       | |  3.8
Armour         | |  1.7
Dodging        | |  0.8

Action                   |  1- 3 |  4- 6 || total
-------------------------+-------+-------++-------
Melee: Hand axe          |   143 |    54 ||   197
Throw: Stone             |    33 |     5 ||    38
Invok: Depart the Abyss  |     1 |       ||     1
  Use: Potion            |       |     3 ||     3
 Stab: Sleeping          |     1 |     1 ||     2
Armor: Leather armour    |    60 |    11 ||    71
       Skin              |       |     4 ||     4
Dodge: Dodged            |    74 |    23 ||    97

Table legend: (Time is in decaauts)
 A = Elapsed time spent in this place.
 B = Non-inter-level travel time spent in this place.
 C = Inter-level travel time spent in this place.
 D = Time resting spent in this place.
 E = Time spent auto-exploring this place.
 F = Levels seen in this place.
 G = Mean time per level.
                   A        B        C        D        E       F      G
               +--------+--------+--------+--------+--------+-----+--------+
         Total |   3067 |   3019 |     48 |    775 |   1357 |   4 |  766.8 |
       Dungeon |   2997 |   2949 |     48 |    775 |   1357 |   3 |  999.0 |
         Abyss |     70 |     70 |      0 |      0 |      0 |   1 |   70.0 |
               +--------+--------+--------+--------+--------+-----+--------+

Top non-repeatable levels by time:
     D:1: 1543 daAuts
     D:2: 1277 daAuts
     D:3: 177 daAuts
 Abyss:1: 70 daAuts
